 Dungeon Crawl Stone Soup version 0.32-a0-18-g89e19f1974 (webtiles) character file.

Game seed: 7845635136393377638

291 Dirtsage the Changeling (level 6, -3/61 HPs)
             Began as an Octopode Shapeshifter on Jan 16, 2024.
             Slain by an ogre
             ... wielding a +0 giant club
              (6 damage)
             ... on level 4 of the Dungeon.
             The game lasted 00:03:27 (2322 turns).

Dirtsage the Changeling (Octopode Shapeshifter)     Turns: 2322, Time: 00:03:27

Health: -3/61      AC: 23    Str: 14    XL:     6   Next: 32%
Magic:  0/6        EV:  2    Int: 18    God:
Gold:   79         SH:  0    Dex: 13    Spells: 5/5 levels left

rFire   . .          .
                       - Unarmed
rCold   . . .        (no shield)
rNeg    . . .        (helmet currently unavailable)
rPois   +            p - amulet of guardian spirit
rElec   .            S - ring of see invisible
rCorr   .            o - +6 ring of intelligence
SInv    +            P - ring of poison resistance
Will    .....        (no ring)
Stlth   +            (no ring)
HPRegen 0.30/turn    (no ring)
MPRegen 0.10/turn    (no ring)
                     (no ring)

%: guardian spirit
@: tree-form (expiring)
A: stationary, stasis, torment immunity, boosted hp, almost no armour,
(amphibious), 8 rings, (camouflage 1), (gelatinous body 1), (nimble swimmer 1),
(tentacles)
a: no special abilities


You were on level 4 of the Dungeon.
You were a tree.
You visited 1 branch of the dungeon, and saw 4 of its levels.

You collected 79 gold pieces.

Inventory:

Jewellery
 h - a ring of fire
 o - a +6 ring of intelligence (right branch)
 p - an amulet of guardian spirit (around neck)
 P - a ring of poison resistance (on tentacle)
 S - a ring of see invisible (left branch)
Talismans
 b - a beast talisman
 c - a flux talisman
 e - a serpent talisman
Scrolls
 d - 2 scrolls of noise {unknown}
 f - a scroll of identify {unknown}
 j - a scroll of immolation {unknown}
 k - a scroll of teleportation {unknown}
 l - a scroll of revelation {unknown}
 m - a scroll of amnesia {unknown}
 n - a scroll of fear {unknown}
Potions
 g - 2 potions of heal wounds {unknown}
 i - 2 potions of curing {unknown}
 q - a potion of mutation {unknown}


   Skills:
 + Level 2.7 Fighting
 + Level 3.4 Dodging
 + Level 4.0 Unarmed Combat
 * Level 4.6 Shapeshifting


You had 5 spell levels left.
You didn't know any spells.
Your spell library contained the following spells:

 Spells                   Type           Power      Damage    Failure   Level
 Inner Flame              Hex/Fire       0%         N/A       54%         3
 Tukima's Dance           Hex            0%         N/A       54%         3
 Dimensional Bullseye     Hex/Tloc       0%         N/A       91%         4
 Iskenderun's Mystic Bla  Conj/Tloc      0%         2d3       91%         4
 Irradiate                Conj/Alch      0%         3d11      99%         5
 Ignition                 Fire           0%         3d3       100%        8


Dungeon Overview and Level Annotations

Branches:
Dungeon (4/15)
 Temple: D:4-7

Altars:
Kikubaaqudgha


Innate Abilities, Weirdness & Mutations

You are a tree.
Your roots penetrate the ground, keeping you stationary.
You cannot be teleported.
You are immune to unholy pain and torment.
Your maximum health is greatly increased.
You cannot wear most types of armour.
((You are amphibious.))
You can wear up to eight rings at the same time.
((Your skin changes colour to match your surroundings (Stealth+).))
((Your rubbery body absorbs attacks. (AC +1, EV +1)))
((You are camouflaged when in or above water. (Stealth+)))
((You have tentacles for arms and can constrict up to eight enemies at once.))


Message History

You constrict the orc priest.
You kill the orc priest!
You tentacle-slap the orc. Your grab misses the orc.
The orc is heavily wounded.
An orc comes into view. It is wielding a +0 dagger.
The orc misses you.
Okay, then.
Your transformation has ended.
You turn into a tree.
Your roots penetrate the ground.
The orc shouts!
The orc hits you but does no damage.
You now have 12/61 hp.
You smack the orc!
You kill the orc!
You hit the quokka but do no damage.
The quokka bites you but does no damage.
You hit the quokka.
The quokka is almost dead.
The quokka bites you but does no damage. x2
You smack the quokka!
You kill the quokka!
You smack the ogre!
The ogre is moderately wounded.
The ogre hits you with a +0 giant club!
* * * LOW HITPOINT WARNING * * *
You take 9 damage, and have 4/61 hp.
You now have 0/6 mp.
You hit the ogre.
The ogre is moderately wounded.
Your transformation is almost over.
You barely miss the ogre. You punch the ogre, but do no damage.
The ogre is moderately wounded.
The ogre hits you with a +0 giant club.
* * * LOW HITPOINT WARNING * * *
You take 2 damage, and have 3/61 hp.
You smack the ogre!
The ogre is severely wounded.
You hit the ogre.
The ogre is almost dead.
The ogre hits you with a +0 giant club.
You die...

...### #.......
..#.. +.......
..#.# #......>
#.#.# #.......
#.#.###.......
#####.#.......####
#..........####
#.###.###### #♣#
#.# . #O###.##....
#o..........#
.../...)..........
......#####.#.....
...... .......
+###.. #...... ...
...... .... ##....


You could see an ogre and an orc.

Vanquished Creatures
  2 orc priests
  Jessica (D:3)
  Natasha (twice) (D:3)
  An orc wizard (D:4)
  3 gnolls (D:4)
  2 adders
  A ribbon worm (D:2)
  2 dart slugs
  5 orcs
  8 endoplasms
  4 goblins (D:1)
  8 hobgoblins
  6 kobolds
  4 quokkas
  5 ball pythons
  7 bats
  15 frilled lizards
  7 rats
83 creatures vanquished.

Notes
Turn   | Place    | Note
-------+----------+-------------------------------------------
     0 | D:1      | Dirtsage the Octopode Shapeshifter began the quest for the
                  | Orb.
     0 | D:1      | Reached XP level 1. HP: 13/13 MP: 1/1
   140 | D:1      | Reached XP level 2. HP: 17/18 MP: 2/2
   309 | D:1      | Reached XP level 3. HP: 20/23 MP: 3/3
   809 | D:2      | Found an ancient bone altar of Kikubaaqudgha.
  1030 | D:2      | Identified the +0 cloak of Tuzetuet {Str+4 Slay-4}
  1099 | D:2      | Reached XP level 4. HP: 25/29 MP: 4/4
  1439 | D:3      | Reached XP level 5. HP: 34/34 MP: 5/5
  1502 | D:3      | Noticed Natasha
  1508 | D:3      | Killed Natasha
  1803 | D:3      | Noticed Jessica
  1921 | D:3      | Killed Jessica
  1991 | D:3      | Noticed Natasha
  2001 | D:3      | Killed Natasha
  2156 | D:4      | Reached XP level 6. HP: 27/41 MP: 4/6
  2320 | D:4      | HP: 3/61 [ogre/+0 giant club (2)]
  2322 | D:4      | Slain by an ogre

Illustrated notes

Levels and vault maps discovered:
D:1:      ncdulo_halloftheorcs, layout_basic, minivault_26, minivault_11,
          serial_bayou_lagoon_a
D:2:      layout_rooms, basic_altar, chequers_serial_rivers_micro_b,
          grunt_ministairs_3, minmay_lizard_pond
D:3:      layout_rooms, eino_tiny_chamber, minmay_misc_feat_iff,
          kennysheep_cluttered_room, uniq_jessica, uniq_natasha
D:4:      layout_basic, minmay_distorted

Skill      XL: |  1  2  3  4  5  6 |
---------------+-------------------+-----
Fighting       | 2 |  2.7
Shapeshifting  | 4 |  4.6
Dodging        | 3 |  3.4
Unarmed Combat | 4 |  4.0

Action                     |  1- 3 |  4- 6 || total
---------------------------+-------+-------++-------
  Melee: Unarmed           |    69 |    82 ||   151
         Tentacles         |    11 |    23 ||    34
         Constrict         |    10 |    18 ||    28
         Punch             |       |     1 ||     1
    Use: Potion            |       |     1 ||     1
   Stab: Sleeping          |     9 |     6 ||    15
 Armour: Skin              |    23 |    33 ||    56
  Dodge: Dodged            |    43 |    32 ||    75

Table legend: (Time is in decaauts)
 A = Elapsed time spent in this place.
 B = Non-inter-level travel time spent in this place.
 C = Inter-level travel time spent in this place.
 D = Time resting spent in this place.
 E = Time spent auto-exploring this place.
 F = Levels seen in this place.
 G = Mean time per level.
                   A        B        C        D        E       F      G
               +--------+--------+--------+--------+--------+-----+--------+
         Total |   2310 |   2227 |     83 |    100 |   1717 |   4 |  577.5 |
       Dungeon |   2310 |   2227 |     83 |    100 |   1717 |   4 |  577.5 |
               +--------+--------+--------+--------+--------+-----+--------+

Top non-repeatable levels by time:
     D:3: 810 daAuts
     D:1: 671 daAuts
     D:2: 630 daAuts
     D:4: 198 daAuts
